 Dungeon Crawl Stone Soup version 0.31-a0-229-g1fc7ce93e2 (webtiles) character file.

Game seed: 5573839021869161619

128 qw the Shooter (level 4, -2/37 HPs)
             Began as a Minotaur Hexslinger on July 6, 2023.
             Slain by a gnoll
             ... wielding a +0 halberd
              (5 damage)
             ... on level 3 of the Dungeon.
             The game lasted 00:00:40 (1400 turns).

qw the Shooter (Minotaur Hexslinger)                Turns: 1400, Time: 00:00:40

Health: -2/37      AC:  3    Str: 12    XL:     4   Next: 87%
Magic:  4/4        EV: 12    Int: 10    God:
Gold:   98         SH:  0    Dex: 15    Spells: 4/5 levels left

rFire   . . .        Y - +1 sling
rCold   . . .        (no shield)
rNeg    . . .        e - +0 leather armour
rPois   .            (helmet restricted)
rElec   .            (no cloak)
rCorr   .            (no gloves)
SInv    .            (no boots)
Will    .....        (no amulet)
Stlth   +            (no ring)
HPRegen 0.26/turn    (no ring)
MPRegen 0.09/turn

%: no passive effects
@: weak-willed
A: horns 2, retaliatory headbutt
a: no special abilities


You were on level 3 of the Dungeon.
You visited 1 branch of the dungeon, and saw 3 of its levels.

You collected 98 gold pieces.


Innate Abilities, Weirdness & Mutations

You have a pair of horns on your head.
You reflexively headbutt those who attack you in melee.


   Skills:
 + Level 2.9 Fighting
 - Level 5.0 Ranged Weapons
 - Level 2.1 Dodging
 - Level 1.0 Spellcasting
 - Level 2.0 Hexes


You had 4 spell levels left.
You knew the following spells:

 Your Spells              Type           Power      Damage    Failure   Level
a - Slow                  Hex            16%        N/A       19%         1

Your spell library contained the following spells:

 Spells                   Type           Power      Damage    Failure   Level
 Inner Flame              Hex/Fire       2%         N/A       65%         3
 Portal Projectile        Hex/Tloc       4%         N/A       65%         3
 Cause Fear               Hex            2%         N/A       88%         4

Inventory:

Hand Weapons
 Y - a +1 sling (weapon)
Armour
 e - a +0 leather armour (worn)
Scrolls
 a - a scroll of identify
Potions
 b - a potion of curing {unknown}
 c - a potion of degeneration {unknown}
 d - a potion of magic {unknown}
 f - a potion of heal wounds {unknown}
 h - a potion of haste {unknown}

Dungeon Overview and Level Annotations

Branches:
Dungeon (3/15)

Altars:


Message History

Enter note: You shoot a sling bullet.
The sling bullet barely misses the gnoll.
The gnoll closely misses you.
You shoot a sling bullet.
The sling bullet hits the gnoll but does no damage.
The gnoll barely misses you. You furiously retaliate!
You headbutt the gnoll. The gnoll misses you.
The gnoll hits you with a +0 club.
You shoot a sling bullet. The sling bullet hits the gnoll.
The gnoll is severely wounded.
The gnoll closely misses you. The gnoll barely misses you.
You shoot a sling bullet. The sling bullet hits the gnoll.
The gnoll is severely wounded.
The gnoll hits you from afar with a +0 halberd!
The gnoll hits you with a +0 club.
You shoot a sling bullet.
The sling bullet hits the gnoll but does no damage.
The gnoll is severely wounded.
The gnoll barely misses you. The gnoll hits you with a +0 club.
You shoot a sling bullet.
The sling bullet completely misses the gnoll.
The gnoll misses you. The gnoll hits you with a +0 club.
You shoot a sling bullet. The sling bullet hits the gnoll!
You kill the gnoll!
The gnoll barely misses you.
You shoot a sling bullet. The sling bullet hits the gnoll.
The gnoll is heavily wounded.
The gnoll hits you from afar with a +0 halberd!
The gnoll closely misses you.
You shoot a sling bullet. The sling bullet hits the gnoll.
The gnoll is heavily wounded.
The gnoll closely misses you.
You shoot a sling bullet.
The sling bullet hits the gnoll but does no damage.
The gnoll is heavily wounded.
The gnoll closely misses you.
You shoot a sling bullet. The sling bullet hits the gnoll.
The gnoll is severely wounded.
The gnoll hits you from afar with a +0 halberd.
You die...

# #>.### #....... #.
###'## #.....#. #.##
#....## . #.......
#...####...).# ..
#.###.#.
##............# ...
#.#. #.............##
.... #.###.##
#.....<........+ .....
#.......
#..........##..#g.....
#####.##
#..........###@)# #.##
#..........# ##......#
#... #####..#+#.#
.!....# #... #..# #.#
#...... #... #.## #.#
...... #... .. #.#
..##.. ##### ..# ..
...... .# ###...
+.....


You could see a gnoll.

Vanquished Creatures
  Robin (D:3)
  2 gnolls (D:3)
  4 adders
  A worm (D:2)
  A dart slug (D:2)
  5 ball pythons
  4 bats
  3 endoplasms (D:1)
  4 giant cockroaches
  11 goblins
  7 hobgoblins
  6 quokkas
  A frilled lizard (D:2)
  3 kobolds
  2 rats
55 creatures vanquished.

Notes
Turn   | Place    | Note
-------+----------+-------------------------------------------
     0 | D:1      | qw the Minotaur Hexslinger began the quest for the Orb.
     0 | D:1      | Reached XP level 1. HP: 16/16 MP: 1/1
     0 | D:1      | 0 ||| qw: Version: 0.3-a-46-gb1f654a
     0 | D:1      | 0 ||| qw: Game counter: 1235
     0 | D:1      | 0 ||| qw: Melee chars always use a shield: true
     0 | D:1      | 0 ||| qw: God list: Okawaru
     0 | D:1      | 0 ||| qw: Allow faded altars: false
     0 | D:1      | 0 ||| qw: Do Orc after clearing Dungeon:15 true
     0 | D:1      | 0 ||| qw: Do second Lair branch before Depths: true
     0 | D:1      | 0 ||| qw: Lair rune preference: random
     0 | D:1      | 0 ||| qw: Goals: Normal
     0 | D:1      | 0 ||| PLANNING D:1-11
    65 | D:1      | Reached skill level 3 in Ranged Weapons
    65 | D:1      | Reached XP level 2. HP: 23/23 MP: 2/2
   368 | D:1      | 368 ||| READING 2 scrolls labelled ICSIUNG IRIVOE.
   369 | D:1      | 369 ||| READING scroll labelled TYNLYE FUELAK.
   370 | D:1      | 370 ||| DROPPING scroll of immolation.
   371 | D:1      | 371 ||| DROPPING scroll of poison.
   518 | D:2      | Reached XP level 3. HP: 27/29 MP: 3/3
   712 | D:2      | Reached skill level 4 in Ranged Weapons
   985 | D:2      | 985 ||| UPGRADING to +0 leather armour.
   995 | D:2      | 995 ||| DROPPING +0 robe.
   996 | D:2      | 996 ||| DROPPING ring of flight.
   997 | D:2      | 997 ||| READING 2 scrolls labelled TIARCHOHAQ.
   998 | D:2      | 998 ||| READING 3 scrolls labelled NEBBOPEHILY.
   999 | D:2      | 999 ||| READING scroll labelled GAPHIN VUNYSHISY.
  1004 | D:2      | 1004 ||| READING scroll labelled NAUGAP ALOSK.
  1056 | D:2      | 1056 ||| DROPPING 2 scrolls of amnesia.
  1060 | D:3      | 1060 ||| PLANNING SEWER
  1092 | D:3      | Reached XP level 4. HP: 36/36 MP: 4/4
  1180 | D:3      | Noticed Robin
  1192 | D:3      | Killed Robin
  1193 | D:3      | Reached skill level 5 in Ranged Weapons
  1332 | D:3      | 1332 ||| FLEEEEING.
  1333 | D:3      | 1333 ||| FLEEEEING.
  1334 | D:3      | 1334 ||| FLEEEEING.
  1335 | D:3      | 1335 ||| FLEEEEING.
  1336 | D:3      | 1336 ||| FLEEEEING.
  1337 | D:3      | 1337 ||| FLEEEEING.
  1338 | D:3      | 1338 ||| STAIRDANCE
  1374 | D:2      | 1374 ||| READING scroll labelled DUNEADIODU.
  1397 | D:3      | HP: 2/37 [gnoll/+0 halberd (9)]
  1400 | D:3      | Slain by a gnoll

Levels and vault maps discovered:
D:1:      tarquinn_simple_flora_water_e, layout_rooms
D:2:      layout_loops_cross, st_stairs_1
D:3:      layout_basic, portal_sewer_entry_e, nicolae_shop_vocational,
          uniq_robin

Skill      XL: |  1  2  3  4 |
---------------+-------------+-----
Ranged Weapons | 3 4 5 |  5.0
Fighting       | 2 |  2.9
Dodging        | |  2.1
Spellcasting   | |  1.0
Hexes          | |  2.0

Action                     |  1- 3 |  4- 6 || total
---------------------------+-------+-------++-------
   Fire: Sling             |    93 |    55 ||   148
    Use: Scroll            |     6 |     1 ||     7
 Armour: Robe              |     5 |       ||     5
         Leather armour    |       |     5 ||     5
  Dodge: Dodged            |    22 |    30 ||    52

Table legend:
 A = Non-vault XP
 B = Vault XP
 C = Vault XP percentage of total XP
 D = Non-vault monster count
 E = Vault monster count
 F = Vault count percentage of total count
                 A         B        C        D         E       F
            +---------+---------+-------+---------+---------+-------
      Total |     148 |      36 |  19.6 |      42 |      13 |  23.6
            +---------+---------+-------+---------+---------+-------
        D:1 |      31 |       0 |   0.0 |      16 |       0 |   0.0
        D:2 |      55 |       4 |   6.8 |      16 |       2 |  11.1
        D:3 |      62 |      32 |  34.0 |      10 |      11 |  52.4
            +---------+---------+-------+---------+---------+-------
